 Dungeon Crawl Stone Soup version 0.31-a0-182-gc5ef74bbde (webtiles) character file.

Game seed: 472047902301229955

84760 qw the Marksnaga (level 15, -4/141 HPs)
             Began as a Naga Hunter on June 20, 2023.
             Was a High Priest of Okawaru.
             Slain by a killer bee (9 damage)
             ... on level 13 of the Dungeon.
             The game lasted 00:07:50 (15654 turns).

qw the Marksnaga (Naga Hunter)                     Turns: 15654, Time: 00:07:51

Health: -4/141     AC: 27    Str: 19    XL:     15   Next: 81%
Magic:  22/22      EV: 20    Int: 13    God:    Okawaru [*****.]
Gold:   1329       SH:  9    Dex: 26    Spells: 14/14 levels left

rFire   + . .        r - +0 triple crossbow (freeze)
rCold   . . .        (shield currently unavailable)
rNeg    . . .        h - +2 robe "Ublebu" {rElec Will- Regen+ Int+5}
rPois   +            a - +2 helmet
rElec   +            o - +2 cloak {Will+}
rCorr   .            e - +3 pair of gauntlets of War {Slay+5}
SInv    +            l - +1 barding
Will    +....        u - amulet of reflection
Stlth   ++++         v - +6 ring of dexterity
HPRegen 1.23/turn    t - ring of protection from fire
MPRegen 0.18/turn

%: reflection
@: lethally poisoned (-4 -> -7), heroic, very slow
A: AC +5, large, see invisible, deformed body, poison resistance, slowness 2,
spit poison 1, naga tail 2, stinger 1, large bone plates 1, strong 1, wild magic
1
a: Spit Poison, Renounce Religion, Heroism, Finesse, Duel


You were on level 13 of the Dungeon.
You worshipped Okawaru.
Okawaru was extremely pleased with you.
You visited 3 branches of the dungeon, and saw 21 of its levels.

You collected 1329 gold pieces.


Innate Abilities, Weirdness & Mutations

Your serpentine skin is tough. (AC +5)
You have supernaturally acute eyesight. (SInv)
Armour fits poorly on your strangely shaped body.
Your system is resistant to poisons. (rPois)
You cover ground very slowly.
You can spit poison.
You can use your snake-like lower body to constrict enemies.
Your tail ends in a venomous barb.
You are partially covered in large bone plates. (SH +4)
Your muscles are strong. (Str +4, Int/Dex -1)
Your spells are a little harder to cast, but a little more powerful.


   Skills:
 + Level 11.0(16.0) Fighting
 - Level 18.0(23.0) Ranged Weapons
 - Level 5.0(10.0) Armour
 - Level 9.0(14.0) Dodging
 - Level 1.5(6.5) Stealth
 - Level 10.0 Invocations


You had 14 spell levels left.
You didn't know any spells.
Your spell library was empty.

Inventory:

Hand Weapons
 r - a +0 triple crossbow of freezing (weapon)
Armour
 a - a +2 helmet (worn)
 e - the +3 pair of gauntlets of War (worn) {Slay+5}
   (You acquired it on level 2 of the Dungeon)

   Slay:      It affects your accuracy & damage with ranged weapons and melee
   (+5).
 h - the +2 robe "Ublebu" (worn) {rElec Will- Regen+ Int+5}
   (You took it off an orc on level 3 of the Dungeon)

   Int:       It affects your intelligence (+5).
   rElec:     It insulates you from electricity.
   Regen:     It increases your rate of health regeneration.
   Will:      It decreases your willpower.
 l - a +1 barding (worn)
 o - a +2 cloak of willpower (worn)
 s - the scarf of Qasmusic {shadows, rC+ rCorr Stlth+}
   (You acquired it on level 11 of the Dungeon)

   rC:        It protects you from cold.
   rCorr:     It protects you from acid and corrosion.
   Stlth:     It makes you more stealthy.
Jewellery
 p - a +6 ring of strength
 t - a ring of protection from fire (right hand)
 u - an amulet of reflection (around neck)
 v - a +6 ring of dexterity (left hand)
Scrolls
 n - 4 scrolls of identify
Potions
 b - a potion of magic
 d - 11 potions of curing
 f - 3 potions of mutation
 g - 3 potions of haste
 i - 2 potions of enlightenment
 j - a potion of resistance
 k - a potion of cancellation
 m - 5 potions of might

Dungeon Overview and Level Annotations

Branches:
Dungeon (15/15)            Temple (1/1) D:4            Lair (5/5) D:10
  Swamp (0/4) Lair:3        Snake (0/4) Lair:2        Slime (0/5) Lair:4
    Orc (0/2) D:11         Depths (0/4) D:15
 Vaults: D:13-14

Altars:
Ashenzari
Cheibriados
Dithmenos
Elyvilon
Fedhas
Gozag
Hepliaklqana
Kikubaaqudgha
Makhleb
Nemelex Xobeh
Okawaru
Qazlal
Ru
Sif Muna
Trog
Uskayaw
Vehumet
Wu Jian
Xom
Yredelemnul
Zin
The Shining One
Jiyva

Shops:
D:5 *   D:13 (

Annotations:
D:5 3 runed translucent doors, qw's ghost, novice NaHu
D:8 1 runed translucent door


Message History

You block the killer bee's attack.
The killer bee stings you but does no damage.
You block the killer bee's attack.
The meliai mumbles some strange prayers to its god against you.
Something smites you! The killer bee barely misses you.
The meliai hits you but does no damage.
The meliai stings you but does no damage.
The killer bee stings you.
The killer bee stings you but does no damage.
The meliai hits you with a +1 war axe of flaming.
The meliai burns you. The meliai stings you!
15652 ||| DRINKING potion of heal wounds.
You feel much better.
You feel very sick.
The killer bee stings you but does no damage.
You block the killer bee's attack. x2; The killer bee misses you.
The meliai hits you with a +1 war axe of flaming!
The meliai burns you. The meliai misses you.
The killer bee barely misses you. x2
The meliai closely misses you. x2
You shoot a bolt. The bolt hits the meliai!!!
The bolt freezes the meliai!
You kill the meliai!
Okawaru accepts your kill.
You feel very sick.
You hear an angry buzzing noise.
The killer bee closely misses you. x2; The killer bee misses you.
The killer bee stings you but does no damage.
The killer bee barely misses you.
The killer bee stings you but does no damage.
The meliai completely misses you.
The meliai stings you but does no damage.
The killer bee barely misses you. You block the killer bee's attack.
The meliai hits you but does no damage. The meliai completely misses you.
You hear an angry buzzing noise.
Your base Ranged Weapons skill increases to level 18!
You shoot a bolt. The bolt hits the meliai!!
The bolt freezes the meliai.
You kill the meliai!
Okawaru accepts your kill.
You feel very sick. You block the killer bee's attack.
The killer bee stings you!
You die...

#############
............#
........######
........# .%#####
........# .#...#
........# yy..#
........# #)y.#
........# #@y.#
........# #...#
#######.########...#
#........)...#
#............#
#............#
#............#
#.....########
#.....#


You could see 4 killer bees.

Vanquished Creatures
  A dire elephant (Lair:2)
  Josephine (D:15)
  A merfolk avatar (Lair:5)
  5 hydras
  A centaur warrior (D:15)
  6 two-headed ogres
  4 boulder beetles
  2 death yaks
  Urug (Lair:3)
  A bog body (Lair:3)
  2 sea snakes (Lair:5)
  A harpy (Lair:5)
  Pikel (D:4)
  2 ugly things (D:15)
  2 deep elf pyromancers
  3 cyclopes
  4 manticores
  5 black mambas
  8 elephants
  Joseph (D:8)
  A torpor snail (Lair:3)
  2 gargoyles (D:10)
  11 cane toads
  Maggie (D:8)
  13 komodo dragons
  2 kobold demonologists
  4 rime drakes
  An efreet (D:13)
  4 polar bears
  A queen bee (D:13)
  3 meliai (D:13)
  2 hornets
  Grinder (D:3)
  3 trolls
  2 snapping turtles (Lair:5)
  10 blink frogs (Lair:5)
  2 shadows
  8 wyverns
  7 wraiths
  4 basilisks
  54 yaks
  3 steam dragons
  4 vampire mosquitoes (D:13)
  3 wargs (D:11)
  Menkaure (D:4)
  4 swamp worms (Lair:3)
  2 acid dragons (D:10)
  13 water moccasins
  A floating eye (shapeshifter) (D:15)
  6 black bears
  Duvessa (D:4)
  4 orc warriors
  A sky beast (D:7)
  6 wolves
  8 centaurs
  A lemure (D:4)
  5 kobold brigands
  Blork the orc (D:4)
  A gnoll sergeant (D:11)
  17 bullfrogs
  2 scorpions
  10 wights
  Dowan (D:4)
  36 killer bees
  2 electric eels
  3 howler monkeys (D:7)
  A gnoll bouda (D:6)
  A hound (D:4)
  5 jellies
  2 orc priests
  8 iguanas
  Natasha (twice) (D:3)
  2 sleepcaps (D:5)
  6 orc wizards
  A hell rat (Lair:2)
  Robin (D:3)
  25 gnolls
  3 adders (D:3)
  2 shadow imps (D:7)
  A white imp (D:4)
  An ufetubus (D:6)
  5 dart slugs
  A worm (D:4)
  33 orcs
  4 ball pythons (D:1)
  7 endoplasms
  2 giant cockroaches
  23 hobgoblins
  2 quokkas
  3 bats
  2 frilled lizards
  40 goblins
  30 kobolds
  6 rats
  A rat zombie (D:9)
  A spectral orc (D:4)
545 creatures vanquished.

Vanquished Creatures (others)
  A hornet (Lair:2)
1 creature vanquished.

Grand Total: 546 creatures vanquished

Notes
Turn   | Place    | Note
-------+----------+-------------------------------------------
     0 | D:1      | qw the Naga Hunter began the quest for the Orb.
     0 | D:1      | Reached XP level 1. HP: 19/19 MP: 1/1
     0 | D:1      | 0 ||| qw: Version: 0.3-a-9-g12657ce
     0 | D:1      | 0 ||| qw: Game counter: 1280
     0 | D:1      | 0 ||| qw: Always use a shield: true
     0 | D:1      | 0 ||| qw: God list: Okawaru
     0 | D:1      | 0 ||| qw: Allow faded altars: false
     0 | D:1      | 0 ||| qw: Do Orc after D:15 true
     0 | D:1      | 0 ||| qw: Do second Lair branch before Depths: true
     0 | D:1      | 0 ||| qw: Lair rune preference: random
     0 | D:1      | 0 ||| qw: Plans: Normal
     0 | D:1      | 0 ||| PLANNING D:1-11
    35 | D:1      | 35 ||| INVOKING Spit Poison.
    58 | D:1      | 58 ||| INVOKING Spit Poison.
    97 | D:1      | 97 ||| INVOKING Spit Poison.
   128 | D:1      | 128 ||| INVOKING Spit Poison.
   136 | D:1      | 136 ||| INVOKING Spit Poison.
   139 | D:1      | Reached skill level 4 in Ranged Weapons
   139 | D:1      | Reached XP level 2. HP: 26/26 MP: 2/2
   144 | D:1      | 144 ||| INVOKING Spit Poison.
   279 | D:1      | 279 ||| INVOKING Spit Poison.
   354 | D:1      | 354 ||| INVOKING Spit Poison.
   432 | D:1      | 432 ||| INVOKING Spit Poison.
   442 | D:1      | 442 ||| INVOKING Spit Poison.
   638 | D:1      | 638 ||| INVOKING Spit Poison.
   688 | D:1      | 688 ||| INVOKING Spit Poison.
   690 | D:1      | 690 ||| DROPPING scroll of butterflies.
   724 | D:2      | 724 ||| INVOKING Spit Poison.
   734 | D:2      | 734 ||| INVOKING Spit Poison.
   758 | D:2      | 758 ||| INVOKING Spit Poison.
   778 | D:2      | 778 ||| INVOKING Spit Poison.
   784 | D:2      | 784 ||| INVOKING Spit Poison.
   805 | D:2      | 805 ||| INVOKING Spit Poison.
   806 | D:2      | 806 ||| INVOKING Spit Poison.
   879 | D:2      | 879 ||| INVOKING Spit Poison.
   886 | D:2      | Reached XP level 3. HP: 32/32 MP: 3/3
   892 | D:2      | 892 ||| INVOKING Spit Poison.
   895 | D:2      | 895 ||| INVOKING Spit Poison.
  1124 | D:2      | 1124 ||| FLEEEEING.
  1161 | D:2      | 1161 ||| INVOKING Spit Poison.
  1305 | D:2      | 1305 ||| READING 3 scrolls labelled WAMPEU AFROVIE.
  1306 | D:2      | 1306 ||| READING scroll labelled BUNUXU LODA.
  1306 | D:2      | Identified a scroll of acquirement
  1306 | D:2      | 1306 ||| ACQUIRING +3 pair of gauntlets of War {Slay+5}
  1306 | D:2      | Acquired the +3 pair of gauntlets of War {Slay+5}
  1306 | D:2      | Found the +3 pair of gauntlets of War {Slay+5}
  1308 | D:2      | 1308 ||| UPGRADING to +3 pair of gauntlets of War {Slay+5}.
  1313 | D:2      | 1313 ||| DRINKING 2 sedimented brown potions.
  1314 | D:2      | 1314 ||| DRINKING 2 pink potions.
  1314 | D:2      | Gained mutation: Your tail ends in a venomous barb. [potion
                  | of mutation]
  1314 | D:2      | Gained mutation: Your muscles are strong. (Str +4, Int/Dex
                  | -1) [potion of mutation]
  1314 | D:2      | Gained mutation: Your spells are a little harder to cast,
                  | but a little more powerful. [potion of mutation]
  1314 | D:2      | Gained mutation: You are partially covered in large bone
                  | plates. (SH +4) [potion of mutation]
  1315 | D:2      | 1315 ||| DROPPING 2 scrolls of amnesia.
  1378 | D:3      | 1378 ||| Stepping ~*~*~tactically~*~*~ (outnumbered).
  1380 | D:3      | 1380 ||| Stepping ~*~*~tactically~*~*~ (outnumbered).
  1384 | D:3      | 1384 ||| Stepping ~*~*~tactically~*~*~ (outnumbered).
  1385 | D:3      | 1385 ||| INVOKING Spit Poison.
  1388 | D:3      | 1388 ||| INVOKING Spit Poison.
  1390 | D:3      | Reached skill level 5 in Ranged Weapons
  1390 | D:3      | Reached XP level 4. HP: 23/39 MP: 4/4
  1416 | D:3      | 1416 ||| INVOKING Spit Poison.
  1466 | D:3      | 1466 ||| INVOKING Spit Poison.
  1590 | D:3      | 1590 ||| INVOKING Spit Poison.
  1613 | D:3      | 1613 ||| INVOKING Spit Poison.
  1616 | D:3      | 1616 ||| INVOKING Spit Poison.
  1645 | D:3      | Noticed Natasha
  1646 | D:3      | 1646 ||| INVOKING Spit Poison.
  1648 | D:3      | 1648 ||| Stepping ~*~*~tactically~*~*~ (outnumbered).
  1656 | D:3      | 1656 ||| INVOKING Spit Poison.
  1657 | D:3      | Killed Natasha
  1658 | D:3      | Reached skill level 3 in Fighting
  1743 | D:3      | 1743 ||| INVOKING Spit Poison.
  1748 | D:3      | 1748 ||| INVOKING Spit Poison.
  1753 | D:3      | Identified the +2 robe "Ublebu" {rElec Will- Regen+ Int+5}
  1782 | D:3      | 1782 ||| INVOKING Spit Poison.
  1787 | D:3      | 1787 ||| INVOKING Spit Poison.
  1804 | D:3      | 1804 ||| INVOKING Spit Poison.
  1805 | D:3      | Reached XP level 5. HP: 49/49 MP: 5/5
  1814 | D:3      | Noticed Grinder
  1824 | D:3      | Paralysed by Grinder for 3 turns
  1832 | D:3      | Killed Grinder
  1833 | D:3      | Reached skill level 6 in Ranged Weapons
  1833 | D:3      | Reached XP level 6. HP: 33/56 MP: 6/6
  1927 | D:3      | 1927 ||| INVOKING Spit Poison.
  1934 | D:3      | 1934 ||| INVOKING Spit Poison.
  1938 | D:3      | 1938 ||| INVOKING Spit Poison.
  1947 | D:3      | 1947 ||| UPGRADING to +2 robe "Ublebu" {rElec Will- Regen+
                  | Int+5}.
  1957 | D:3      | 1957 ||| DROPPING +0 leather armour.
  1958 | D:3      | 1958 ||| READING scroll labelled HOENWIMENE.
  1959 | D:3      | 1959 ||| READING scroll labelled HAUCZY PUACLOMN.
  2104 | D:3      | Noticed Robin
  2105 | D:3      | 2105 ||| INVOKING Spit Poison.
  2108 | D:3      | 2108 ||| INVOKING Spit Poison.
  2109 | D:3      | 2109 ||| Stepping ~*~*~tactically~*~*~ (outnumbered).
  2112 | D:3      | 2112 ||| INVOKING Spit Poison.
  2113 | D:3      | Killed Robin
  2118 | D:3      | 2118 ||| INVOKING Spit Poison.
  2191 | D:3      | 2191 ||| INVOKING Spit Poison.
  2195 | D:3      | 2195 ||| INVOKING Spit Poison.
  2206 | D:3      | 2206 ||| UPGRADING to +0 helmet.
  2232 | D:3      | 2232 ||| INVOKING Spit Poison.
  2241 | D:3      | 2241 ||| DRINKING 2 purple potions.
  2244 | D:3      | 2244 ||| INVOKING Spit Poison.
  2280 | D:3      | 2280 ||| INVOKING Spit Poison.
  2299 | D:3      | 2299 ||| INVOKING Spit Poison.
  2310 | D:3      | 2310 ||| INVOKING Spit Poison.
  2505 | D:3      | Noticed Natasha
  2508 | D:3      | Killed Natasha
  2522 | D:4      | 2522 ||| INVOKING Spit Poison.
  2525 | D:4      | 2525 ||| Stepping ~*~*~tactically~*~*~ (outnumbered).
  2529 | D:4      | Reached XP level 7. HP: 64/64 MP: 7/7
  2530 | D:4      | 2530 ||| Stepping ~*~*~tactically~*~*~ (outnumbered).
  2531 | D:4      | 2531 ||| INVOKING Spit Poison.
  2550 | D:4      | 2550 ||| INVOKING Spit Poison.
  2553 | D:4      | 2553 ||| Stepping ~*~*~tactically~*~*~ (outnumbered).
  2557 | D:4      | 2557 ||| INVOKING Spit Poison.
  2560 | D:4      | 2560 ||| INVOKING Spit Poison.
  2585 | D:4      | Identified the +3 orcbow of Fawe {heavy, rPois Str+2 Int-2}
  2587 | D:4      | 2587 ||| SWAPPING to +3 orcbow of Fawe {heavy, rPois Str+2
                  | Int-2}.
  2588 | D:4      | 2588 ||| DROPPING +0 shortbow of flaming.
  2596 | D:4      | Noticed Pikel
  2597 | D:4      | 2597 ||| INVOKING Spit Poison.
  2602 | D:4      | 2602 ||| INVOKING Spit Poison.
  2606 | D:4      | 2606 ||| INVOKING Spit Poison.
  2608 | D:4      | Killed Pikel
  2609 | D:4      | Reached skill level 8 in Ranged Weapons
  2609 | D:4      | Reached XP level 8. HP: 56/72 MP: 8/8
  2609 | D:4      | Noticed Menkaure
  2610 | D:4      | Killed Menkaure
  2668 | D:4      | Noticed Duvessa
  2668 | D:4      | Noticed Dowan
  2669 | D:4      | 2669 ||| INVOKING Spit Poison.
  2672 | D:4      | 2672 ||| INVOKING Spit Poison.
  2673 | D:4      | Killed Duvessa
  2675 | D:4      | 2675 ||| INVOKING Spit Poison.
  2676 | D:4      | Killed Dowan
  2707 | D:4      | 2707 ||| INVOKING Spit Poison.
  2745 | D:4      | 2745 ||| INVOKING Spit Poison.
  2745 | D:4      | Noticed Blork the orc
  2748 | D:4      | 2748 ||| Stepping ~*~*~tactically~*~*~ (outnumbered).
  2749 | D:4      | 2749 ||| INVOKING Spit Poison.
  2752 | D:4      | 2752 ||| INVOKING Spit Poison.
  2753 | D:4      | Killed Blork the orc
  2755 | D:4      | 2755 ||| INVOKING Spit Poison.
  2759 | D:4      | 2759 ||| INVOKING Spit Poison.
  2766 | D:4      | 2766 ||| INVOKING Spit Poison.
  2771 | D:4      | 2771 ||| INVOKING Spit Poison.
  2831 | D:4      | Found a staircase to the Ecumenical Temple.
  2832 | D:4      | 2832 ||| PLANNING TEMPLE
  2832 | D:4      | 2832 ||| UPGRADING to ring of positive energy.
  2833 | D:4      | 2833 ||| READING scroll labelled UDYVATS NUSAICW.
  2838 | D:4      | 2838 ||| READING 2 scrolls labelled LEONGO NUTWO.
  2839 | D:4      | 2839 ||| DRINKING 2 fizzy blue potions.
  2840 | D:4      | 2840 ||| DRINKING 2 orange potions.
  2902 | Temple   | Entered the Ecumenical Temple
  2968 | Temple   | 2968 ||| PLANNING OKAWARU WORSHIP
  3123 | Temple   | Became a worshipper of Warmaster Okawaru
  3124 | Temple   | 3124 ||| PLANNING D:1-11
  3246 | D:4      | Found a hazy altar of Hepliaklqana.
  3247 | D:4      | 3247 ||| INVOKING Spit Poison.
  3260 | D:4      | 3260 ||| INVOKING Spit Poison.
  3288 | D:4      | 3288 ||| INVOKING Spit Poison.
  3290 | D:4      | Reached skill level 9 in Ranged Weapons
  3357 | D:4      | Reached skill level 1 in Armour
  3363 | D:4      | 3363 ||| INVOKING Spit Poison.
  3366 | D:4      | 3366 ||| INVOKING Spit Poison.
  3371 | D:4      | 3371 ||| INVOKING Spit Poison.
  3396 | D:4      | 3396 ||| INVOKING Spit Poison.
  3400 | D:4      | 3400 ||| INVOKING Spit Poison.
  3403 | D:4      | 3403 ||| INVOKING Spit Poison.
  3408 | D:4      | 3408 ||| INVOKING Spit Poison.
  3411 | D:4      | 3411 ||| INVOKING Spit Poison.
  3431 | D:4      | 3431 ||| Stepping ~*~*~tactically~*~*~ (outnumbered).
  3432 | D:4      | 3432 ||| INVOKING Spit Poison.
  3435 | D:4      | 3435 ||| INVOKING Spit Poison.
  3436 | D:4      | 3436 ||| INVOKING Spit Poison.
  3439 | D:4      | 3439 ||| INVOKING Spit Poison.
  3444 | D:4      | 3444 ||| INVOKING Spit Poison.
  3532 | D:4      | 3532 ||| INVOKING Spit Poison.
  3556 | D:4      | 3556 ||| INVOKING Spit Poison.
  3559 | D:4      | 3559 ||| INVOKING Spit Poison.
  3562 | D:4      | 3562 ||| INVOKING Spit Poison.
  3567 | D:4      | 3567 ||| INVOKING Spit Poison.
  3572 | D:4      | 3572 ||| INVOKING Spit Poison.
  3576 | D:4      | 3576 ||| INVOKING Spit Poison.
  3592 | D:4      | 3592 ||| INVOKING Spit Poison.
  3595 | D:4      | 3595 ||| INVOKING Spit Poison.
  3599 | D:4      | 3599 ||| INVOKING Spit Poison.
  3602 | D:4      | 3602 ||| INVOKING Spit Poison.
  3810 | D:4      | 3810 ||| READING scroll labelled KAFOQI VALUN.
  3867 | D:5      | Entered Level 5 of the Dungeon
  3915 | D:5      | 3915 ||| INVOKING Spit Poison.
  3930 | D:5      | Reached skill level 6 in Fighting
  3930 | D:5      | Reached XP level 9. HP: 82/82 MP: 9/9
  3934 | D:5      | 3934 ||| INVOKING Spit Poison.
  3937 | D:5      | 3937 ||| INVOKING Spit Poison.
  3939 | D:5      | Reached skill level 3 in Dodging
  3941 | D:5      | 3941 ||| INVOKING Spit Poison.
  3944 | D:5      | 3944 ||| INVOKING Spit Poison.
  3947 | D:5      | 3947 ||| INVOKING Spit Poison.
  3991 | D:5      | Found a snail-covered altar of Cheibriados.
  4055 | D:5      | 4055 ||| INVOKING Spit Poison.
  4062 | D:5      | 4062 ||| INVOKING Spit Poison.
  4071 | D:5      | 4071 ||| INVOKING Spit Poison.
  4081 | D:5      | Found a runed translucent gate.
  4081 | D:5      | Found a runed translucent gate.
  4081 | D:5      | Found a runed translucent gate.
  4083 | D:5      | Noticed qw's ghost (novice NaHu)
  4090 | D:5      | 4090 ||| INVOKING Spit Poison.
  4149 | D:5      | Found an opulent altar of Gozag.
  4150 | D:5      | Found Gozag's Platinum Reserve.
  4153 | D:5      | 4153 ||| INVOKING Spit Poison.
  4217 | D:5      | 4217 ||| INVOKING Spit Poison.
  4242 | D:5      | 4242 ||| INVOKING Spit Poison.
  4271 | D:5      | Reached * piety under Okawaru
  4559 | D:5      | 4559 ||| UPGRADING to +0 cloak.
  4564 | D:5      | 4564 ||| UPGRADING to ring of resist corrosion.
  4565 | D:5      | 4565 ||| READING scroll labelled PUM AF HIHU.
  4566 | D:5      | 4566 ||| READING 2 scrolls of identify.
  4566 | D:5      | 4566 ||| IDENTIFYING puce potion
  4567 | D:5      | 4567 ||| DROPPING potion of attraction.
  4607 | D:6      | 4607 ||| INVOKING Heroism.
  4698 | D:6      | Found a stormy altar of Qazlal.
  4713 | D:6      | Found a broken altar of Ashenzari.
  4754 | D:6      | 4754 ||| INVOKING Spit Poison.
  4757 | D:6      | 4757 ||| INVOKING Spit Poison.
  4769 | D:6      | Found a white marble altar of Elyvilon.
  4782 | D:6      | 4782 ||| INVOKING Spit Poison.
  4982 | D:6      | Found a basalt altar of Yredelemnul.
  5070 | D:6      | 5070 ||| INVOKING Spit Poison.
  5075 | D:6      | 5075 ||| INVOKING Spit Poison.
  5079 | D:6      | 5079 ||| INVOKING Spit Poison.
  5082 | D:6      | 5082 ||| INVOKING Spit Poison.
  5137 | D:6      | 5137 ||| INVOKING Spit Poison.
  5140 | D:6      | Reached skill level 10 in Ranged Weapons
  5157 | D:6      | 5157 ||| SWAPPING to +0 longbow.
  5158 | D:6      | 5158 ||| DROPPING +3 orcbow of Fawe {heavy, rPois Str+2
                  | Int-2}.
  5173 | D:6      | 5173 ||| Stepping ~*~*~tactically~*~*~ (outnumbered).
  5175 | D:6      | 5175 ||| Stepping ~*~*~tactically~*~*~ (outnumbered).
  5177 | D:6      | 5177 ||| Stepping ~*~*~tactically~*~*~ (outnumbered).
  5178 | D:6      | 5178 ||| INVOKING Spit Poison.
  5182 | D:6      | 5182 ||| INVOKING Spit Poison.
  5209 | D:6      | Reached skill level 1 in Invocations
  5296 | D:6      | Found a glowing silver altar of Zin.
  5296 | D:6      | Noticed an angel
  5324 | D:6      | 5324 ||| DROPPING amulet of guardian spirit.
  5325 | D:6      | 5325 ||| DRINKING 3 red potions.
  5326 | D:6      | 5326 ||| DRINKING 3 bubbling green potions.
  5327 | D:6      | 5327 ||| DROPPING 2 potions of brilliance.
  5347 | D:7      | 5347 ||| INVOKING Spit Poison.
  5379 | D:7      | Noticed a deep elf pyromancer
  5380 | D:7      | 5380 ||| INVOKING Spit Poison.
  5386 | D:7      | 5386 ||| INVOKING Spit Poison.
  5387 | D:7      | 5387 ||| INVOKING Heroism.
  5388 | D:7      | Killed a deep elf pyromancer
  5389 | D:7      | Reached skill level 3 in Invocations
  5395 | D:7      | 5395 ||| INVOKING Spit Poison.
  5435 | D:7      | 5435 ||| INVOKING Spit Poison.
  5460 | D:7      | 5460 ||| INVOKING Heroism.
  5464 | D:7      | 5464 ||| INVOKING Spit Poison.
  5658 | D:7      | 5658 ||| INVOKING Spit Poison.
  5664 | D:7      | 5664 ||| INVOKING Spit Poison.
  5667 | D:7      | 5667 ||| INVOKING Spit Poison.
  5671 | D:7      | Reached ** piety under Okawaru
  5672 | D:7      | Reached XP level 10. HP: 85/94 MP: 13/13
  5673 | D:7      | 5673 ||| INVOKING Spit Poison.
  5676 | D:7      | 5676 ||| INVOKING Spit Poison.
  5680 | D:7      | 5680 ||| INVOKING Heroism.
  5842 | D:7      | 5842 ||| INVOKING Spit Poison.
  5854 | D:7      | 5854 ||| INVOKING Heroism.
  5855 | D:7      | 5855 ||| INVOKING Spit Poison.
  5900 | D:7      | 5900 ||| INVOKING Spit Poison.
  5902 | D:7      | Reached skill level 11 in Ranged Weapons
  5919 | D:7      | 5919 ||| INVOKING Spit Poison.
  6106 | D:7      | 6106 ||| READING scroll labelled ZABIPT NOAWNY.
  6107 | D:7      | 6107 ||| READING scroll labelled JEYLAY ZIEMM.
  6150 | D:8      | 6150 ||| INVOKING Spit Poison.
  6155 | D:8      | 6155 ||| INVOKING Spit Poison.
  6216 | D:8      | 6216 ||| INVOKING Spit Poison.
  6257 | D:8      | Found a sparkling altar of Nemelex Xobeh.
  6346 | D:8      | Noticed Joseph
  6349 | D:8      | 6349 ||| INVOKING Heroism.
  6355 | D:8      | Killed Joseph
  6461 | D:8      | Found a runed translucent door.
  6580 | D:8      | 6580 ||| INVOKING Spit Poison.
  6583 | D:8      | 6583 ||| INVOKING Spit Poison.
  6597 | D:8      | Found a glowing golden altar of the Shining One.
  6683 | D:8      | Noticed Maggie
  6684 | D:8      | 6684 ||| INVOKING Spit Poison.
  6688 | D:8      | 6688 ||| INVOKING Spit Poison.
  6688 | D:8      | Killed Maggie
  6691 | D:8      | 6691 ||| INVOKING Spit Poison.
  6916 | D:8      | 6916 ||| UPGRADING to ring of protection from fire.
  6918 | D:8      | 6918 ||| READING 2 scrolls of identify.
  6918 | D:8      | 6918 ||| IDENTIFYING murky grey potion
  6919 | D:8      | 6919 ||| DROPPING potion of berserk rage.
  6949 | D:9      | 6949 ||| INVOKING Spit Poison.
  6954 | D:9      | 6954 ||| STAIRDANCE
  6956 | D:8      | 6956 ||| INVOKING Heroism.
  6957 | D:8      | 6957 ||| INVOKING Spit Poison.
  6962 | D:8      | 6962 ||| INVOKING Spit Poison.
  7063 | D:9      | 7063 ||| INVOKING Spit Poison.
  7064 | D:9      | 7064 ||| STAIRDANCE
  7067 | D:8      | 7067 ||| INVOKING Spit Poison.
  7197 | D:9      | 7197 ||| INVOKING Spit Poison.
  7202 | D:9      | 7202 ||| INVOKING Spit Poison.
  7244 | D:9      | 7244 ||| INVOKING Spit Poison.
  7260 | D:9      | 7260 ||| INVOKING Heroism.
  7261 | D:9      | 7261 ||| INVOKING Spit Poison.
  7332 | D:9      | 7332 ||| INVOKING Spit Poison.
  7341 | D:9      | 7341 ||| INVOKING Spit Poison.
  7381 | D:9      | 7381 ||| INVOKING Heroism.
  7384 | D:9      | 7384 ||| INVOKING Spit Poison.
  7397 | D:9      | 7397 ||| INVOKING Spit Poison.
  7399 | D:9      | Reached skill level 12 in Ranged Weapons
  7405 | D:9      | 7405 ||| INVOKING Spit Poison.
  7432 | D:9      | 7432 ||| Stepping ~*~*~tactically~*~*~ (outnumbered).
  7436 | D:9      | 7436 ||| INVOKING Spit Poison.
  7439 | D:9      | 7439 ||| INVOKING Spit Poison.
  7445 | D:9      | 7445 ||| INVOKING Spit Poison.
  7450 | D:9      | 7450 ||| INVOKING Spit Poison.
  7538 | D:9      | Found an ancient bone altar of Kikubaaqudgha.
  7732 | D:9      | 7732 ||| UPGRADING to +6 ring of dexterity.
  7734 | D:9      | 7734 ||| UPGRADING to ring of protection from fire.
  7736 | D:9      | 7736 ||| READING scroll labelled AJOM MIOPSULA.
  7737 | D:9      | 7737 ||| READING 3 scrolls labelled MOTWUE LEPRU.
  7738 | D:9      | 7738 ||| READING scroll labelled NOWYTZ LOMMY.
  7739 | D:9      | 7739 ||| READING scroll labelled GYSTEO YKLIPY.
  7740 | D:9      | 7740 ||| DRINKING 3 viscous emerald potions.
  7796 | D:9      | 7796 ||| DRINKING 2 fuming red potions.
  7797 | D:9      | 7797 ||| DROPPING 2 potions of lignification.
  7798 | D:9      | 7798 ||| DROPPING 2 scrolls of noise.
  7799 | D:9      | 7799 ||| DROPPING potion of degeneration.
  7825 | D:10     | Entered Level 10 of the Dungeon
  7848 | D:10     | Reached XP level 11. HP: 78/103 MP: 14/14
  7850 | D:10     | 7850 ||| INVOKING Spit Poison.
  7874 | D:10     | 7874 ||| INVOKING Heroism.
  7875 | D:10     | 7875 ||| INVOKING Spit Poison.
  7879 | D:10     | 7879 ||| INVOKING Spit Poison.
  7905 | D:10     | 7905 ||| INVOKING Heroism.
  7909 | D:10     | 7909 ||| INVOKING Spit Poison.
  7930 | D:10     | 7930 ||| INVOKING Heroism.
  7931 | D:10     | 7931 ||| INVOKING Spit Poison.
  7952 | D:10     | 7952 ||| INVOKING Spit Poison.
  7957 | D:10     | 7957 ||| INVOKING Spit Poison.
  7963 | D:10     | 7963 ||| INVOKING Spit Poison.
  8009 | D:10     | 8009 ||| INVOKING Spit Poison.
  8012 | D:10     | 8012 ||| INVOKING Spit Poison.
  8032 | D:10     | 8032 ||| Stepping ~*~*~tactically~*~*~ (outnumbered).
  8036 | D:10     | 8036 ||| INVOKING Spit Poison.
  8036 | D:10     | Noticed a two-headed ogre
  8037 | D:10     | 8037 ||| INVOKING Heroism.
  8042 | D:10     | 8042 ||| INVOKING Spit Poison.
  8044 | D:10     | Killed a two-headed ogre
  8045 | D:10     | Reached skill level 13 in Ranged Weapons
  8084 | D:10     | 8084 ||| INVOKING Spit Poison.
  8111 | D:10     | 8111 ||| INVOKING Spit Poison.
  8242 | D:10     | Found a staircase to the Lair.
  8245 | D:10     | 8245 ||| INVOKING Spit Poison.
  8249 | D:10     | Reached *** piety under Okawaru
  8252 | D:10     | 8252 ||| INVOKING Spit Poison.
  8256 | D:10     | 8256 ||| INVOKING Spit Poison.
  8261 | D:10     | 8261 ||| INVOKING Heroism.
  8264 | D:10     | Reached skill level 9 in Fighting
  8282 | D:10     | 8282 ||| INVOKING Spit Poison.
  8559 | D:10     | 8559 ||| INVOKING Spit Poison.
  8587 | D:10     | 8587 ||| INVOKING Spit Poison.
  8597 | D:10     | 8597 ||| INVOKING Spit Poison.
  8600 | D:10     | 8600 ||| INVOKING Spit Poison.
  8601 | D:10     | Reached **** piety under Okawaru
  8854 | D:10     | 8854 ||| PLANNING LAIR
  8854 | D:10     | 8854 ||| UPGRADING to +1 barding.
  8859 | D:10     | 8859 ||| DROPPING ring of resist corrosion.
  8860 | D:10     | 8860 ||| DROPPING ring of positive energy.
  8861 | D:10     | 8861 ||| READING 2 scrolls of identify.
  8861 | D:10     | 8861 ||| IDENTIFYING lumpy brown potion
  8909 | Lair:1   | Entered Level 1 of the Lair of Beasts
  8938 | Lair:1   | 8938 ||| INVOKING Spit Poison.
  8977 | Lair:1   | 8977 ||| INVOKING Heroism.
  8978 | Lair:1   | 8978 ||| INVOKING Spit Poison.
  8986 | Lair:1   | 8986 ||| INVOKING Spit Poison.
  8991 | Lair:1   | 8991 ||| INVOKING Spit Poison.
  8992 | Lair:1   | Reached skill level 3 in Armour
  9029 | Lair:1   | 9029 ||| INVOKING Heroism.
  9089 | Lair:1   | 9089 ||| INVOKING Heroism.
  9093 | Lair:1   | 9093 ||| INVOKING Spit Poison.
  9097 | Lair:1   | 9097 ||| INVOKING Spit Poison.
  9110 | Lair:1   | Reached skill level 6 in Dodging
  9121 | Lair:1   | 9121 ||| INVOKING Heroism.
  9146 | Lair:1   | 9146 ||| INVOKING Heroism.
  9149 | Lair:1   | 9149 ||| INVOKING Spit Poison.
  9152 | Lair:1   | Reached XP level 12. HP: 114/114 MP: 12/15
  9602 | Lair:2   | 9602 ||| PLANNING GAUNTLET
  9614 | Lair:2   | Found a staircase to the Snake Pit.
  9645 | Lair:2   | Reached skill level 6 in Invocations
  9645 | Lair:2   | Noticed a death yak
  9646 | Lair:2   | 9646 ||| INVOKING Heroism.
  9659 | Lair:2   | Killed a death yak
  9660 | Lair:2   | Reached skill level 14 in Ranged Weapons
  9699 | Lair:2   | 9699 ||| INVOKING Heroism.
  9714 | Lair:2   | Reached ***** piety under Okawaru
  9762 | Lair:2   | 9762 ||| READING scroll of enchant weapon.
  9762 | Lair:2   | 9762 ||| ENCHANTING +1 longbow.
  9855 | Lair:2   | Found a radiant altar of Vehumet.
  9926 | Lair:2   | 9926 ||| INVOKING Heroism.
  9950 | Lair:2   | Noticed a dire elephant
  9961 | Lair:2   | Killed a dire elephant
  9990 | Lair:2   | Noticed a six-headed hydra
  9991 | Lair:2   | 9991 ||| INVOKING Heroism.
  9992 | Lair:2   | 9992 ||| Stepping ~*~*~tactically~*~*~ (outnumbered).
 10001 | Lair:2   | Killed a six-headed hydra
 10001 | Lair:2   | Received a gift from Okawaru
 10015 | Lair:2   | Reached skill level 9 in Invocations
 10026 | Lair:2   | Gained mutation: You can use your snake-like lower body to
                  | constrict enemies. [Naga growth]
 10026 | Lair:2   | Reached XP level 13. HP: 87/123 MP: 19/19
 10038 | Lair:2   | 10038 ||| RIP GAUNTLET
 10066 | Lair:2   | 10066 ||| PLANNING LAIR
 10174 | Lair:2   | 10174 ||| INVOKING Heroism.
 10412 | Lair:2   | 10412 ||| READING scroll labelled ALUQEG HEUKLI.
 10513 | Lair:2   | 10513 ||| READING 5 scrolls of identify.
 10513 | Lair:2   | 10513 ||| IDENTIFYING fuming ruby potion
 10514 | Lair:2   | 10514 ||| READING 4 scrolls of identify.
 10514 | Lair:2   | 10514 ||| IDENTIFYING glowing amethyst potion
 10561 | Lair:3   | 10561 ||| INVOKING Heroism.
 10742 | Lair:3   | 10742 ||| INVOKING Heroism.
 10767 | Lair:3   | Noticed Urug
 10768 | Lair:3   | 10768 ||| INVOKING Finesse.
 10774 | Lair:3   | Killed Urug
 10793 | Lair:3   | 10793 ||| INVOKING Heroism.
 10952 | Lair:3   | 10952 ||| INVOKING Heroism.
 10963 | Lair:3   | Reached skill level 15 in Ranged Weapons
 11065 | Lair:3   | 11065 ||| INVOKING Heroism.
 11093 | Lair:3   | Found a staircase to the Swamp.
 11388 | Lair:4   | Found a staircase to the Slime Pits.
 11395 | Lair:4   | 11395 ||| STAIRDANCE
 11407 | Lair:4   | 11407 ||| STAIRDANCE
 11413 | Lair:4   | 11413 ||| STAIRDANCE
 11415 | Lair:3   | 11415 ||| INVOKING Heroism.
 11472 | Lair:4   | 11472 ||| STAIRDANCE
 11528 | Lair:4   | 11528 ||| INVOKING Heroism.
 11541 | Lair:4   | Found a viscous altar of Jiyva.
 12324 | Lair:5   | Entered Level 5 of the Lair of Beasts
 12325 | Lair:5   | 12325 ||| INVOKING Heroism.
 12349 | Lair:5   | 12349 ||| STAIRDANCE
 12369 | Lair:5   | 12369 ||| INVOKING Heroism.
 12383 | Lair:5   | 12383 ||| STAIRDANCE
 12452 | Lair:5   | 12452 ||| INVOKING Heroism.
 12524 | Lair:5   | 12524 ||| INVOKING Heroism.
 12534 | Lair:5   | Reached skill level 16 in Ranged Weapons
 12562 | Lair:5   | 12562 ||| INVOKING Heroism.
 12629 | Lair:5   | Reached XP level 14. HP: 125/133 MP: 21/21
 12662 | Lair:5   | 12662 ||| INVOKING Heroism.
 12725 | Lair:5   | Received a gift from Okawaru
 12770 | Lair:5   | 12770 ||| INVOKING Heroism.
 12988 | Lair:5   | Identified the staff "Tutwis" {rC+ Dex+4 Ice}
 12997 | Lair:5   | 12997 ||| READING 3 scrolls of identify.
 12997 | Lair:5   | 12997 ||| IDENTIFYING dark potion
 12998 | Lair:5   | 12998 ||| DRINKING potion of experience.
 12998 | Lair:5   | Reached skill level 17 in Ranged Weapons
 12998 | Lair:5   | Reached XP level 15. HP: 141/141 MP: 22/22
 13060 | Lair:5   | Received a gift from Okawaru
 13062 | Lair:5   | 13062 ||| SWAPPING to +0 triple crossbow of freezing.
 13063 | Lair:5   | 13063 ||| DROPPING +2 longbow.
 13103 | Lair:5   | 13103 ||| READING 2 scrolls of enchant armour.
 13103 | Lair:5   | 13103 ||| ENCHANTING +0 helmet.
 13104 | Lair:5   | 13104 ||| READING scroll of enchant armour.
 13104 | Lair:5   | 13104 ||| ENCHANTING +1 helmet.
 13228 | Lair:5   | 13228 ||| PLANNING D:1-11
 13389 | D:11     | 13389 ||| READING scroll of acquirement.
 13389 | D:11     | 13389 ||| ACQUIRING scarf of Qasmusic {shadows, rC+ rCorr
                  | Stlth+}
 13389 | D:11     | Acquired the scarf of Qasmusic {shadows, rC+ rCorr Stlth+}
 13391 | D:11     | 13391 ||| UPGRADING to scarf of Qasmusic {shadows, rC+
                  | rCorr Stlth+}.
 13740 | D:11     | 13740 ||| Stepping ~*~*~tactically~*~*~ (outnumbered).
 13742 | D:11     | 13742 ||| Stepping ~*~*~tactically~*~*~ (outnumbered).
 13892 | D:11     | Found a staircase to the Orcish Mines.
 14173 | D:11     | 14173 ||| PLANNING D
 14173 | D:11     | 14173 ||| UPGRADING to amulet of reflection.
 14431 | D:12     | You fall into a shaft and drop 3 floors!
 14431 | D:15     | Entered Level 15 of the Dungeon
 14439 | D:15     | Reached skill level 9 in Dodging
 14479 | D:15     | 14479 ||| INVOKING Heroism.
 14483 | D:15     | HP: 32/141 [cyan ugly thing (4)]
 14484 | D:15     | 14484 ||| READING 2 scrolls of teleportation.
 14485 | D:15     | 14485 ||| DRINKING 3 potions of heal wounds.
 14490 | D:15     | Found a staircase to the Depths.
 14495 | D:15     | HP: 25/141 [ogre mage/bolt of magma (19)]
 14496 | D:15     | 14496 ||| READING scroll of teleportation.
 14497 | D:15     | 14497 ||| DRINKING 2 potions of heal wounds.
 14573 | D:15     | 14573 ||| Stepping randomly (stuck).
 14574 | D:15     | 14574 ||| Stepping randomly (stuck).
 14575 | D:15     | 14575 ||| Stepping randomly (stuck).
 14576 | D:15     | 14576 ||| Stepping randomly (stuck).
 14577 | D:15     | 14577 ||| Stepping randomly (stuck).
 14578 | D:15     | 14578 ||| Stepping randomly (stuck).
 14579 | D:15     | 14579 ||| Stepping randomly (stuck).
 14580 | D:15     | 14580 ||| Stepping randomly (stuck).
 14581 | D:15     | 14581 ||| Stepping randomly (stuck).
 14582 | D:15     | 14582 ||| Stepping randomly (stuck).
 14583 | D:15     | 14583 ||| Stepping randomly (stuck).
 14584 | D:15     | 14584 ||| Stepping randomly (stuck).
 14585 | D:15     | 14585 ||| Stepping randomly (stuck).
 14586 | D:15     | 14586 ||| Stepping randomly (stuck).
 14587 | D:15     | 14587 ||| Stepping randomly (stuck).
 14588 | D:15     | 14588 ||| Stepping randomly (stuck).
 14589 | D:15     | 14589 ||| Stepping randomly (stuck).
 14590 | D:15     | 14590 ||| Stepping randomly (stuck).
 14591 | D:15     | 14591 ||| Stepping randomly (stuck).
 14592 | D:15     | 14592 ||| Stepping randomly (stuck).
 14593 | D:15     | 14593 ||| Stepping randomly (stuck).
 14594 | D:15     | 14594 ||| Stepping randomly (stuck).
 14595 | D:15     | 14595 ||| Stepping randomly (stuck).
 14597 | D:15     | Noticed Josephine
 14602 | D:15     | Killed Josephine
 14617 | D:15     | 14617 ||| INVOKING Heroism.
 15138 | D:12     | Received a gift from Okawaru
 15401 | D:12     | 15401 ||| UPGRADING to +2 cloak of willpower.
 15411 | D:12     | 15411 ||| DROPPING +0 cloak.
 15533 | D:13     | Found Ocwoabew's Antique Weapon Boutique.
 15623 | D:13     | 15623 ||| INVOKING Heroism.
 15651 | D:13     | HP: 23/141 [meliai/divine providence (13)]
 15651 | D:13     | HP: 4/141 [meliai/+1 war axe of flaming (8)]
 15652 | D:13     | 15652 ||| DRINKING potion of heal wounds.
 15654 | D:13     | Reached skill level 18 in Ranged Weapons
 15654 | D:13     | Slain by a killer bee

Levels and vault maps discovered:
D:1:      scummos_arrival_simple_crosswalls, layout_loops_cross,
          roderic_lattice_a, roderic_three_in_a_row, minivault_24,
          amcnicky_mini_corridor_feature
D:2:      layout_loops_ring
D:3:      layout_basic, minmay_puff, uniq_robin, uniq_grinder, uniq_natasha
D:4:      minmay_goblin_kobold_castle, layout_gridville,
          nicolae_hepliaklqana_monster_ancestors, minmay_temple_entry_offerings,
          minmay_starry_boxes, uniq_blork_the_orc, uniq_menkaure, uniq_duvessa,
          uniq_pikel
D:5:      layout_loops_ring, nicolae_gozag_zags_fifth_avenue,
          mainiacjoe_overflow_chevrons, ebering_ghost_rock_garden
D:6:      layout_basic, zin_angel, nicolae_overflow_quartered_altars,
          serial_curves, eino_curves_04, eino_curves_02, eino_curves_01,
          minmay_misc_feat_nine_boxes
D:7:      layout_loops_cross
D:8:      layout_basic, nemelex_diamond_rough_becter,
          nicolae_tso_carved_into_rock, lightli_church_of_beogh, uniq_maggie,
          uniq_joseph
D:9:      layout_big_octagon, lemuel_zombie_altar_kikubaaqudgha,
          minmay_crystal_room, chequers_jeans
D:10:     layout_basic, david_lair_generic, hangedman_corner_corridor
D:11:     layout_basic, minmay_orc_entry_guard_dogs
D:12:     layout_stronghold
D:13:     layout_basic, special_room [special_room_bee], serial_shops, shop,
          corexii_checkpoint_a
D:14:     layout_stronghold, david_vaults_5, cheibriados_altar_1,
          minmay_misc_feat_square
D:15:     grunt_enter_depths_giant_problem, layout_cave_pools, grunt_decor_cap,
          gammafunk_ghost_crypt, nicolae_shop_overcharged_wands, uniq_josephine
Temple:   minmay_temple_curvy_loop
Lair:1:   layout_roguey, chequers_serial_rivers_small_b, grunt_megastairs_4
Lair:2:   layout_long_grid, dummy_snake_entry, basic_altar,
          gauntlet_entry_generic, nicolae_lair_lakeside_cave, lemuel_fruit_tree,
          serial_bayou_shore_a
Lair:3:   layout_roguey, nicolae_swamp_entry_splash_gauntlet, uniq_urug
Lair:4:   layout_cave_pods, nicolae_slime_entry_field_trip,
          infiniplex_staircase_pool_2
Lair:5:   gammafunk_lair_ancient_temple, layout_long_grid

Skill      XL: |  1  2  3  4  5  6  7  8  9 10 11 12 13 14 15 |
---------------+----------------------------------------------+-----
Ranged Weapons | 4 5 6 8 9 10 12 13 14 16 17 18 | 18.0
Fighting       | 3 4 6 7 8 9 10 11 | 11.0
Dodging        | 2 3 4 6 7 8 9 |  9.0
Armour         | 1 3 4 5 |  5.0
Invocations    | 4 9 10 | 10.0
Stealth        | |  1.5

Action                     |  1- 3 |  4- 6 |  7- 9 | 10-12 | 13-15 || total
---------------------------+-------+-------+-------+-------+-------++-------
   Fire: Shortbow          |    50 |    72 |    18 |       |       ||   140
         Orcbow            |       |       |   169 |       |       ||   169
         Longbow           |       |       |    50 |   450 |   448 ||   948
         Triple crossbow   |       |       |       |       |   190 ||   190
 Invoke: Heroism           |       |       |     3 |    20 |    18 ||    41
         Finesse           |       |       |       |       |     1 ||     1
Ability: Spit Poison       |    24 |    27 |    76 |    61 |       ||   188
    Use: Scroll            |     2 |     2 |     5 |     9 |     9 ||    27
         Potion            |     2 |     1 |     4 |     2 |     4 ||    13
 Armour: Leather armour    |       |     3 |       |       |       ||     3
         Robe              |       |     4 |    71 |   124 |   192 ||   391
  Dodge: Dodged            |     9 |     9 |   130 |   172 |   396 ||   716
  Block: Other             |     2 |     9 |    37 |    44 |   164 ||   256
         Reflection        |       |       |       |       |     6 ||     6

Table legend:
 A = Non-vault XP
 B = Vault XP
 C = Vault XP percentage of total XP
 D = Non-vault monster count
 E = Vault monster count
 F = Vault count percentage of total count
                 A         B        C        D         E       F
            +---------+---------+-------+---------+---------+-------
      Total |   58211 |   28159 |  32.6 |     363 |     182 |  33.4
            +---------+---------+-------+---------+---------+-------
        D:1 |      24 |       0 |   0.0 |      15 |       0 |   0.0
        D:2 |      28 |       0 |   0.0 |      16 |       0 |   0.0
        D:3 |     171 |     362 |  67.9 |      21 |      14 |  40.0
        D:4 |     301 |    1392 |  82.2 |      20 |      69 |  77.5
        D:5 |     560 |       0 |   0.0 |      19 |       0 |   0.0
        D:6 |     663 |       0 |   0.0 |      14 |       0 |   0.0
        D:7 |    1839 |       0 |   0.0 |      24 |       0 |   0.0
        D:8 |    1331 |     828 |  38.4 |      16 |       2 |  11.1
        D:9 |    1720 |       1 |   0.1 |      23 |       1 |   4.2
       D:10 |    3849 |    2591 |  40.2 |      25 |      12 |  32.4
       D:11 |    3741 |     516 |  12.1 |      21 |       3 |  12.5
       D:12 |    3617 |       0 |   0.0 |      14 |       0 |   0.0
       D:13 |    3638 |    2214 |  37.8 |      10 |      20 |  66.7
       D:15 |    7253 |    1731 |  19.3 |      12 |       5 |  29.4
     Lair:1 |    3805 |    1191 |  23.8 |      12 |       6 |  33.3
     Lair:2 |    6337 |    6693 |  51.4 |      29 |      21 |  42.0
     Lair:3 |    6725 |    2256 |  25.1 |      24 |       8 |  25.0
     Lair:4 |    2829 |     165 |   5.5 |      13 |       4 |  23.5
     Lair:5 |    9780 |    8219 |  45.7 |      35 |      17 |  32.7
            +---------+---------+-------+---------+---------+-------
